AoeStats
← javyvalentino

Arena

506030781Analyzed
2v2 RM · 21d ago on Sep 12, 2026· 51m 43s· 4 players
Game mode
Random Map
Map size
Medium (4 player)
Population
200
Speed
Normal
Resources
Standard
Victory
Conquest
Starting age
Dark Age
Ending age
Imperial Age
RankedLock teamsTeams togetherTeam positionsShared explorationLock speedFull tech treeHidden civsTurbo modeCheats
Victory
Defeat
🇨🇦 Persians · Canada
672
+14
🇨🇱 Spanish · Chile
621
+16
🇺🇸 Huns · United States
677
-16
🇺🇸 Teutons · United States
587
-20
mikee989
13:39 Feudal Age
12:06 Loom
14:52 Horse Collar
16:12 Wheelbarrow
15:24 Town Watch
16:38 Double-Bit Axe
23:11 Castle Age
25:03 Fletching
26:15 Heavy Plow
27:07 Bow Saw
32:00 Fervor
32:19 Scale Barding Armor
32:27 Forging
36:59 Imperial Age
35:43 Bloodlines
36:12 Iron Casting
40:28 Crenellations
41:41 Bodkin Arrow
49:01 Chain Barding Armor
49:42 Blast Furnace
49:55 Pikeman
50:50 Scale Mail Armor
51:29 Plate Barding Armor
51:11 Cavalier
johnrodhouse
5:45 Loom
10:09 Feudal Age
17:51 Castle Age
16:17 Double-Bit Axe
16:21 Horse Collar
17:15 Gold Mining
19:01 Wheelbarrow
26:16 Stone Mining
27:02 Gold Shaft Mining
28:59 Bow Saw
29:54 Wheelbarrow
33:07 Imperial Age
32:45 Hand Cart
35:09 Chemistry
34:30 Ballistics
34:15 Padded Archer Armor
34:07 Fletching
35:34 Caravan
37:21 Parthian Tactics
37:45 Husbandry
37:07 Cavalier
37:08 Light Cavalry
39:18 Two-Man Saw
39:19 Paladin
40:29 Hussar
42:05 Coinage
41:46 Guilds
41:01 Pikeman
41:42 Squires
41:30 Arson
42:00 Bloodlines
45:59 Banking
45:18 Halberdier
Hosso
12:30 Feudal Age
12:56 Double-Bit Axe
13:03 Horse Collar
14:44 Wheelbarrow
20:18 Castle Age
18:13 Gold Mining
18:16 Stone Mining
21:08 Bow Saw
22:10 Forging
26:41 Scale Mail Armor
27:16 Iron Casting
26:47 Scale Barding Armor
26:49 Husbandry
26:39 Loom
27:44 Heavy Plow
29:58 Hand Cart
30:19 Ballistics
30:24 Chain Barding Armor
30:19 Chain Mail Armor
33:22 Imperial Age
31:49 Town Watch
32:22 Chain Mail Armor
33:24 Cavalier
34:30 Chain Barding Armor
34:08 Murder Holes
35:32 Chemistry
35:50 Town Patrol
36:35 Crop Rotation
37:09 Two-Man Saw
38:57 Savar
javyvalentino
1:49 Loom
12:20 Feudal Age
15:11 Wheelbarrow
14:32 Town Watch
23:19 Castle Age
23:28 Horse Collar
23:35 Double-Bit Axe
23:42 Fletching
24:00 Scale Barding Armor
23:55 Padded Archer Armor
24:57 Hand Cart
25:54 Town Patrol
30:25 Bow Saw
31:02 Heavy Plow
38:02 Imperial Age
35:44 Bodkin Arrow
36:06 Leather Archer Armor
36:35 Murder Holes
39:26 Hoardings
41:15 Chemistry
40:19 Bracer
40:40 Chain Barding Armor
41:37 Two-Man Saw
42:53 Conscription
43:15 Plate Barding Armor
43:11 Ring Archer Armor
43:05 Ballistics
43:55 Forging
43:45 Scale Mail Armor
43:59 Fortified Wall
44:00 Masonry
44:02 Elite Conquistador
47:07 Stone Mining
47:08 Gold Mining
48:01 Architecture
47:41 Thumb Ring
48:46 Stone Shaft Mining
Connection lost

Rejoining the realm…

Still unreachable

The connection could not be restored.

Session expired

The server has moved on; the page needs a fresh start.